 Dungeon Sprint DCSS version 0.18-a0-1577-gf591c28 (console) character file.

30 sorlin the Sneak (level 3, 0/16 HPs)
             Began as a Vine Stalker Air Elementalist on Mar 17, 2016.
             Was an Initiate of Gozag.
             Slain by a wolf (6 damage)
             ... in the Dungeon (Sprint V: "Ziggurat Sprint").
             The game lasted 00:04:50 (356 turns).

sorlin the Sneak (Vine Stalker Air Elementalist)     Turns: 356, Time: 00:04:50

Health: 0/16       AC:  2    Str: 10    XL:     3   Next: 18%
Magic:  0/13       EV: 12    Int: 33    God:    Gozag
Gold:   12         SH:  0    Dex: 15    Spells: 2 memorised, 3 levels left

rFire  . . .     SeeInvis .     E - +6 Majin-Bo {vamp, Archmagi MP+6 Int+6}
rCold  . . .     Gourm    .     a - +0 robe
rNeg   . . .     Faith    .     (shield currently unavailable)
rPois  .         Spirit   +     (no helmet)
rElec  .         Dismiss  .     (no cloak)
rCorr  .         Reflect  .     (no gloves)
SustAt .         Harm     .     (no boots)
MR     .....     NoTele   +     (no amulet)
Stlth  +++.......               A - +6 ring of intelligence
                                z - +6 ring of intelligence

@: not resistant to hostile enchantments, fairly stealthy
A: fangs 2, regeneration 1, magic shield, antimagic bite, no device heal 3, rot
immunity
a: Potion Petition, Call Merchant, Bribe Branch, Renounce Religion


You were in the Dungeon.
You worshipped Gozag.
Gozag was noncommittal.
You were not hungry.

You visited 1 branch You collected 12 gold pieces.


Innate Abilities, Weirdness & Mutations

You have extremely sharp teeth.
Your natural rate of healing is unusually fast.
When hurt, damage is shared between your health and your magic reserves.
Your bite disrupts and absorbs the magic of your enemies.
Potions and wands cannot restore your health.
You are immune to rotting.


   Skills:
 + Level 0.0 Staves
 - Level 1.5 Dodging
 + Level 6.1 Stealth
 - Level 2.1 Spellcasting
 + Level 4.2 Conjurations
 + Level 3.0 Air Magic


You had 3 spell levels left.
You knew the following spells:

 Your Spells              Type           Power        Failure   Level  Hunger
a - Shock                 Conj/Air       ####         1%          1    None
z - Repel Missiles        Chrm/Air       ###...       6%          2    ##.....

Inventory:

Hand Weapons
 E - the +6 Majin-Bo (weapon) {vamp, Archmagi MP+6 Int+6}
   (You found it in the Dungeon)

   It inflicts no extra harm, but heals its wielder somewhat when it strikes a
   living foe.
   It affects your intelligence (+6).
   It affects your magic capacity (+6).
 M - a +5 lajatang
 Q - a +5 blowgun
Armour
 a - a +0 robe (worn)
 j - a +5 crystal plate armour
 l - a +5 shadow dragon armour
 m - a +5 storm dragon armour
 n - a +5 ice dragon armour
 o - a +5 fire dragon armour
 I - the +18 shield of the gong {rElec rN+ MR+ EV-5}
   (You found it in the Dungeon)

   It affects your evasion (-5).
   It insulates you from electricity.
   It protects you from negative energy.
   It affects your resistance to hostile enchantments.
 N - a +3 buckler
Magical Staves
 x - an uncursed staff of energy
Jewellery
 z - a +6 ring of intelligence (left hand)
 A - a +6 ring of intelligence (right hand)
Wands
 t - a wand of disintegration (7/24)
 u - a wand of iceblast (5/15)
 v - a wand of acid (5/15)
 w - a wand of lightning (5/15)
Scrolls
 i - 4 scrolls of blinking
 F - 3 scrolls of recharging
 G - 7 scrolls of fog
 H - a scroll of holy word {!r}
 J - 5 scrolls of identify
 K - 5 scrolls of remove curse
 L - 2 scrolls of fear {!r}
 O - 4 scrolls of amnesia
Potions
 d - 10 potions of curing
 e - 2 potions of brilliance {!q}
 f - 6 potions of haste {!q}
 g - 7 potions of magic {!q}
 h - 3 potions of berserk rage {!q}
 k - 2 potions of invisibility {!q}
 p - 4 potions of resistance {!q}
 q - a potion of experience
 r - 5 potions of agility {!q}
 s - 5 potions of might {!q}
Books
 b - a book of Air

   Spells                             Type                      Level
   a - Shock                          Conjuration/Air              1
   b - Swiftness                      Charms/Air                   2
   c - Repel Missiles                 Charms/Air                   2
   d - Static Discharge               Conjuration/Air              3
   e - Lightning Bolt                 Conjuration/Air              5
Miscellaneous
 y - a crystal ball of energy
 B - a disc of storms
 P - a phial of floods
Comestibles
 c - 5 bread rations {!e}
 C - 37 fruits
 D - 4 meat rations {!e}


Message History

Q - a +5 blowgun Unknown command.
You start resting.
Magic restored.
You start waiting.
Done waiting.
Your surroundings seem different!
Welcome to arena 2.
A wolf, a black bear and a spriggan come into view.
Found an uncursed ring of see invisible, a +3 ring mail of poison resistance and a book of Minor Magic.
Evoke which item? (* to show all) (? for menu, Esc to quit)
Okay, then.
Unknown command.
Here: a spriggan, wielding a dagger, wearing a robe and wearing a buckler (resting)
An uncursed ring of see invisible.
The floor.
Here: a black bear (resting)
A book of Minor Magic.
The floor.
Here: a wolf (resting)
A +3 ring mail of poison resistance.
The floor.
Aiming: Shock
Aim: a spriggan, wielding a dagger, wearing a robe and wearing a buckler (resting)
The zap hits the spriggan.
The spriggan is lightly wounded.
You take 1 damage.
Aiming: Shock
Aim: a spriggan, wielding a dagger, wearing a robe and wearing a buckler (lightly wounded)
The zap misses the spriggan.
The wolf howls!
Aiming: Shock
Aim: a spriggan, wielding a dagger, wearing a robe and wearing a buckler (lightly wounded)
The zap hits the spriggan.
The spriggan is moderately wounded.
The zap hits the black bear.
The black bear is moderately wounded.
The spriggan closely misses you.
You barely miss the spriggan.
The spriggan is moderately wounded.
The wolf bites you! The spriggan hits you with a dagger.
* * * LOW HITPOINT WARNING * * *
The wolf closely misses you.
You take 7 damage.
The spriggan blocks your attack.
The spriggan is moderately wounded.
The wolf bites you.
* * * LOW HITPOINT WARNING * * *
The spriggan misses you. The wolf bites you!
You die...
Your body crumbles into a pile of gold. █████████████

█.8©8.█.8©8.█
█.:=[.█.....█
█.....█.....█
█.....█.....█
█.....█..)).█
█.hih.█.....█
█..@..███████


███████ You could see a black bear, a spriggan and a wolf.

Vanquished Creatures
  An orc wizard (D)
  An orc (D)
2 creatures vanquished.

Notes
Turn   | Place    | Note
--------------------------------------------------------------
     0 | D        | sorlin the Vine Stalker Air Elementalist began the quest for the Orb.
     0 | D        | Reached XP level 1. HP: 9/9 MP: 4/4
     9 | D        | Found a roughly hewn altar of Beogh.
     9 | D        | Found a viscous altar of Jiyva.
     9 | D        | Found a corrupted altar of Lugonu.
     9 | D        | Found a white marble altar of Elyvilon.
     9 | D        | Found a sparkling altar of Nemelex Xobeh.
     9 | D        | Found a burning altar of Makhleb.
     9 | D        | Found an iron altar of Okawaru.
     9 | D        | Found a deep blue altar of Sif Muna.
     9 | D        | Found a radiant altar of Vehumet.
     9 | D        | Found a bloodstained altar of Trog.
     9 | D        | Found a shimmering altar of Xom.
    76 | D        | Became a worshipper of Gozag Ym Sagoz the Greedy
   158 | D        | Entered arena 1.
   158 | D        | Noticed an orc wizard
   163 | D        | HP: 2/9 [orc wizard/dagger (3)]
   164 | D        | Killed an orc wizard
   164 | D        | Reached skill level 6 in Stealth
   164 | D        | Reached skill level 4 in Conjurations
   164 | D        | Reached XP level 2. HP: 4/13 MP: 1/6
   164 | D        | Reached XP level 3. HP: 4/16 MP: 1/7
   171 | D        | Learned a level 2 spell: Repel Missiles
   351 | D        | Entered arena 2.
   351 | D        | Noticed a black bear
   351 | D        | Noticed a spriggan
   351 | D        | Noticed a wolf
   356 | D        | Slain by a wolf

Vault maps used:
D:        sprint_v

Action                   || total
-------------------------++-------
Melee: Quarterstaff      ||     7
 Cast: Shock             ||     7
  Eat: Fruit             ||     5
